 Dungeon Crawl Stone Soup version 0.31-a0-851-g7ff8af7976 (webtiles) character file.

Game seed: 13673117107977832551

198 Kurtz the Chopper (level 5, 0/41 HPs)
             Began as a Mummy Delver on Oct 6, 2023.
             Slain by a jelly (3 damage)
             ... on level 2 of the Dungeon.
             The game lasted 00:01:52 (1654 turns).

Kurtz the Chopper (Mummy Delver)                    Turns: 1654, Time: 00:01:53

Health: 0/41       AC:  0    Str: 18    XL:     5   Next: 47%
Magic:  5/5        EV: 11    Int:  9    God:
Gold:   105        SH:  0    Dex: 19    Spells: 4/4 levels left

rFire   x . .        a - +0 hand axe
rCold   + . .        (no shield)
rNeg    + + +        g - +3 ring mail
rPois   ∞            (no helmet)
rElec   .            (no cloak)
rCorr   .            (no gloves)
SInv    .            (no boots)
Will    .....        (no amulet)
Stlth   ++           h - +6 ring of dexterity
HPRegen 0.26/turn    (no ring)
MPRegen 0.09/turn

%: faith
@: corroded
A: cold resistance 1, negative energy resistance 3, torment resistance 2, heat
vulnerability 1, in touch with death 1, no potions, faith
a: no special abilities


You were on level 2 of the Dungeon.
You visited 1 branch of the dungeon, and saw 5 of its levels.

You collected 105 gold pieces.

Inventory:

Hand Weapons
 a - a +0 hand axe (weapon)
Missiles
 o - 3 poisoned darts
Armour
 b - a +0 leather armour
 g - a +3 ring mail (worn)
 k - a +0 buckler
 p - a +0 troll leather armour
Jewellery
 h - a +6 ring of dexterity (left hand)
Wands
 f - a wand of digging (3)
Scrolls
 c - a scroll of fog
 d - a scroll of revelation
 e - 3 scrolls of fear
 i - 3 scrolls of enchant weapon {unknown}
 j - a scroll of teleportation {unknown}
 l - a scroll of blinking {unknown}
 m - a scroll of enchant armour {unknown}
 n - a scroll of immolation {unknown}


   Skills:
 - Level 3.0 Fighting
 * Level 4.7 Axes
 - Level 1.5 Dodging
 - Level 4.1 Stealth
 * Level 0.4 Shields


You had 4 spell levels left.
You didn't know any spells.
Your spell library was empty.

Dungeon Overview and Level Annotations

Branches:
Dungeon (5/15)
 Temple: D:4-7

Altars:


Innate Abilities, Weirdness & Mutations

You are immune to poison.
Your flesh is cold resistant. (rC+)
You are immune to negative energy. (rN+++)
You are immune to unholy pain and torment.
You are vulnerable to heat. (rF-)
You are in touch with the powers of death.
You do not drink.
You have a special connection with the divine. (Faith)


Message History

You have reached level 5!
You feel stronger.
Unknown command.
You hit the jelly.
Your hands burn!
The jelly is heavily wounded.
The jelly hits you but does no damage.
You slash the jelly!
You kill the jelly!
You slash the endoplasm!
You kill the endoplasm!
You slash the jelly! The acid corrodes you!
Your hands burn!
The jelly is heavily wounded.
The jelly hits you.
You are splashed with acid!
You slash the jelly!
Your hands burn!
The jelly is almost dead.
The jelly hits you but does no damage.
You hit the jelly.
You kill the jelly!
You hit the endoplasm.
The endoplasm is almost dead.
The endoplasm misses you.
Unknown command.
You hit the endoplasm but do no damage.
The endoplasm is almost dead.
The endoplasm freezes you.
You are frozen.
You resist.
You hit the jelly.
Your hands burn!
The jelly is lightly wounded.
The jelly hits you. The acid corrodes you!
You are splashed with acid!
* * * LOW HITPOINT WARNING * * *
Unknown command.
You hit the jelly but do no damage.
Your hands burn!
* * * LOW HITPOINT WARNING * * *
The jelly is lightly wounded.
The jelly barely misses you.
You hit the jelly.
Your hands burn!
* * * LOW HITPOINT WARNING * * *
The jelly is heavily wounded.
The jelly hits you.
You die...

.÷.#####.......#....#....#.......
..÷### ###################.......
.....# #....... .....# #.......
.....# #....... .....# #######
#..#.... #....#
#..÷.÷.############.#.... #....#
#PP..÷JJ##......###...... ######
#..÷..J#@#.......##...... ..#
#P.P..P#.#.!...[))'...... ..#
#.J....#)#......).'...### ..#
#PPP.PJ#.#'#....))'...# ..#
#JJ÷..÷#.#.#.....##...# ..##
#PP.÷PP#.#.#....###...# ...##
#!..J..##.#########.#### ....###
### #.....+
......#####################.####


You could see a jelly and an endoplasm.

Vanquished Creatures
  2 jellies (D:2)
  Natasha (twice) (D:2)
  4 gnolls
  2 worms (D:3)
  A dart slug (D:1)
  7 ball pythons
  2 bats
  4 endoplasms
  A goblin (D:2)
  2 hobgoblins
  9 kobolds
  5 quokkas
  4 frilled lizards
  A rat (D:3)
46 creatures vanquished.

Notes
Turn   | Place    | Note
-------+----------+-------------------------------------------
     0 | D:5      | Kurtz the Mummy Delver began the quest for the Orb.
     0 | D:5      | Reached XP level 1. HP: 18/18 MP: 1/1
     4 | D:5      | Noticed a hound
   311 | D:3      | Reached XP level 2. HP: 3/24 MP: 2/2
   434 | D:3      | Reached XP level 3. HP: 21/29 MP: 3/3
   531 | D:2      | Noticed Natasha
   550 | D:2      | Killed Natasha
   551 | D:2      | Reached XP level 4. HP: 25/35 MP: 4/4
   843 | D:2      | Noticed Natasha
  1417 | D:2      | Killed Natasha
  1643 | D:2      | Reached XP level 5. HP: 35/41 MP: 5/5
  1654 | D:2      | Slain by a jelly

Illustrated notes

Levels and vault maps discovered:
D:1:      minmay_arrival_checkered_box, layout_rooms, nicolae_titane
D:2:      cheibrodos_fertilizer, layout_basic, uniq_natasha
D:3:      layout_basic, tgw_fedhas, roderic_lattice_a, minmay_misc_feat_cross,
          st_stairs_1
D:4:      layout_cave_pools, mainiacjoe_overflow_alcove_2,
          lemuel_coloured_pillars_altar, minmay_temple_entry_gardened_gates,
          kennysheep_generic_room_12
D:5:      layout_rooms, nicolae_overflow_hidden_temple,
          mainiacjoe_overflow_large_starburst, wad_floor_pattern_1, uniq_grinder

Skill      XL: |  1  2  3  4 |
---------------+-------------+-----
Axes           | 2 3 4 |  4.7
Fighting       | |  3.0
Dodging        | |  1.5
Stealth        | |  4.1
Shields        | |  0.4

Action                     |  1- 3 |  4- 6 || total
---------------------------+-------+-------++-------
  Melee: Hand axe          |    75 |    95 ||   170
   Stab: Sleeping          |     1 |       ||     1
 Armour: Ring mail         |    40 |    57 ||    97
         Leather armour    |     4 |       ||     4
  Dodge: Dodged            |    47 |    63 ||   110

Table legend: (Time is in decaauts)
 A = Elapsed time spent in this place.
 B = Non-inter-level travel time spent in this place.
 C = Inter-level travel time spent in this place.
 D = Time resting spent in this place.
 E = Time spent auto-exploring this place.
 F = Levels seen in this place.
 G = Mean time per level.
                   A        B        C        D        E       F      G
               +--------+--------+--------+--------+--------+-----+--------+
         Total |   1678 |   1572 |    106 |     99 |   1050 |   5 |  335.6 |
       Dungeon |   1678 |   1572 |    106 |     99 |   1050 |   5 |  335.6 |
               +--------+--------+--------+--------+--------+-----+--------+

Top non-repeatable levels by time:
     D:2: 661 daAuts
     D:1: 533 daAuts
     D:3: 447 daAuts
     D:5: 29 daAuts
     D:4: 7 daAuts
